 Dungeon Crawl Stone Soup version 0.26.1-2-gb8aa6d0cf2 (webtiles) character file.

Game seed: 7795727494370424553

51 pascalblue the Magician (level 3, 0/19 HPs)
             Began as a Deep Elf Earth Elementalist on Mar 11, 2021.
             Slain by an adder (4 damage)
             ... on level 2 of the Dungeon.
             The game lasted 00:05:57 (1825 turns).

pascalblue the Magician (DEEE)                      Turns: 1825, Time: 00:05:57

Health: 0/19       AC:  2    Str:  5    XL:     3   Next: 58%
Magic:  10/10      EV: 13    Int: 20    God:
Gold:   60         SH:  0    Dex: 15    Spells: 6/10 levels left

rFire    . . .     SeeInvis .   e - +0 short sword
rCold    . . .     Faith    .   (no shield)
rNeg     . . .     Spirit   .   c - +0 robe
rPois    .         Reflect  .   (no helmet)
rElec    .         Harm     .   (no cloak)
rCorr    .         Rampage  .   (no gloves)
Will     .....                  (no boots)
Stlth    ++........             (no amulet)
HPRegen  0.06/turn              (no ring)
MPRegen  0.12/turn              (no ring)

@: lethally poisoned (0 -> -11)
A: no striking features
a: no special abilities


You were on level 2 of the Dungeon.
You visited 1 branch of the dungeon, and saw 2 of its levels.

You collected 60 gold pieces.

Inventory:

Hand Weapons
 e - a +0 short sword (weapon)
 h - a +1 hunting sling of flaming
Missiles
 b - 16 arrows
 d - 23 bolts
Armour
 c - a +0 robe (worn)
Scrolls
 f - a scroll of enchant armour {unknown}
 g - 2 scrolls of remove curse {unknown}
Potions
 a - a potion of lignification


   Skills:
 + Level 2.4 Dodging
 + Level 2.5 Stealth
 + Level 4.3 Spellcasting
 + Level 1.1 Transmutations
 * Level 4.3 Earth Magic


You had 6 spell levels left.
You knew the following spells:

 Your Spells              Type           Power        Failure   Level
a - Sandblast             Erth           42%          2%          1
b - Stone Arrow           Conj/Erth      24%          16%         3

Your spell library contained the following spells:

 Spells                   Type           Power        Failure   Level
 Passwall                 Tmut/Erth      12%          6%          2
 Petrify                  Tmut/Erth      15%          38%         4
 Lee's Rapid Deconstruct  Erth           10%          52%         5


Dungeon Overview and Level Annotations

Branches:
Dungeon (2/15)

Altars:
Uskayaw


Message History

You hit the frilled lizard.
You kill the frilled lizard!
You see here a frilled lizard corpse.
An adder comes into view.
Found a ring mail.
You miss the adder. The adder barely misses you.
You closely miss the adder. The adder bites you.
You are poisoned.
The adder poisons you! The adder barely misses you.
You barely miss the adder.
You feel sick. The adder bites you.
You barely miss the adder. The adder misses you.
You miss the adder.
You feel sick. The adder bites you.
You are lethally poisoned!
The adder poisons you! The adder bites you.
* * * LOW HITPOINT WARNING * * *
You hit the adder.
The adder is moderately wounded.
* * * LOW HITPOINT WARNING * * *
You feel sick. The adder bites you.
You die...

#†#.#
###.#.##...♣♣..##
#. ###.#.#
#.#.###..♣♣♣..# #.
♣.....#
#.#.####.♣♣♣..###.
♣###.##
#.#.......♣♣♣..##.
#.##
#.#######P...♣†##.
#..## #.#
##...P..#.
#...###### #.#
#......#.
#........# #.#
#.###....
#....8...## #@#
#........
#...8.8...# #S#
#######..
####..8._.8..# #.#
##. .......8.8....
[.. #.
####....8....# ##.
.. #........# .#
## ####..####.##
.# ...........# .#
####..######


You could see an adder.

Vanquished Creatures
  An adder (D:2)
  2 oozes (D:1)
  A worm (D:2)
  A giant cockroach (D:1)
  4 goblins
  4 hobgoblins (D:1)
  4 jackals (D:1)
  3 kobolds (D:1)
  2 bats (D:1)
  3 frilled lizards
  6 rats
31 creatures vanquished.

Vanquished Creatures (others)
  3 plants (D:2)
3 creatures vanquished.

Grand Total: 34 creatures vanquished

Notes
Turn   | Place    | Note
-------+----------+-------------------------------------------
     0 | D:1      | pascalblue the Deep Elf Earth Elementalist began the quest
                  | for the Orb.
     0 | D:1      | Reached XP level 1. HP: 10/10 MP: 6/6
   131 | D:1      | Reached XP level 2. HP: 15/15 MP: 5/8
   960 | D:1      | Reached XP level 3. HP: 19/19 MP: 8/10
  1038 | D:1      | Learned a level 3 spell: Stone Arrow
  1360 | D:2      | Found a faded altar of an unknown god.
  1432 | D:2      | Found a hide-covered altar of Uskayaw.
  1825 | D:2      | Slain by an adder

Illustrated notes

Levels and vault maps discovered:
D:1:      ncdulo_watergridlock, layout_basic
D:2:      layout_loops_ring, eat_drink_and_be_merry_uskayaw,
          chequers_ecumenical_altar_simple_redux, serial_forest,
          infiniplex_forest_lined_3, infiniplex_forest_clump_diagonal,
          infiniplex_forest_end_3, infiniplex_forest_lined_2,
          infiniplex_forest_clump_small, infiniplex_forest_end_2,
          infiniplex_forest_zigzag_1, infiniplex_forest_end_1,
          infiniplex_forest_end_1

Skill      XL: |  1  2  3 |
---------------+----------+-----
Earth Magic    | 4 |  4.3
Spellcasting   | 4 |  4.3
Dodging        | |  2.4
Stealth        | |  2.5
Transmutations | |  1.1

Action                   || total
-------------------------++-------
Melee: Short sword       ||    65
 Cast: Sandblast         ||    30
       Stone Arrow       ||     2
  Use: Potion            ||     2
 Stab: Sleeping          ||     4
       Distracted        ||     1
Armor: Robe              ||     7
       Skin              ||     1
Dodge: Dodged            ||    49
